 Dungeon Crawl Stone Soup version 0.30.1-4-g462c640d31 (webtiles) character file.

Game seed: 13258018394483381938

123 Babbit the Cudgeller (level 4, -1/38 HPs)
             Began as a Draconian Reaver on Sept 19, 2023.
             Was a Believer of Trog.
             Slain by a jackal (3 damage)
             ... on level 3 of the Dungeon.
             The game lasted 00:09:26 (2469 turns).

Babbit the Cudgeller (Draconian Reaver)             Turns: 2469, Time: 00:09:27

Health: -1/38      AC:  5    Str: 16    XL:     4   Next: 80%
Magic:  7/7        EV: 12    Int: 13    God:    Trog [**....]
Gold:   178        SH:  0    Dex: 10    Spells: 6/7 levels left

rFire   . . .        a - +0 mace
rCold   . . .        (no shield)
rNeg    . . .        (body armour unavailable)
rPois   .            (helmet restricted)
rElec   .            (no cloak)
rCorr   .            (no gloves)
SInv    .            (no boots)
Will    .....        (no amulet)
Stlth   +            (no ring)
HPRegen 0.26/turn    (no ring)
MPRegen 0.10/turn

%: no passive effects
@: hasted, very quick
A: AC +5, unfitting armour, cold-blooded
a: Renounce Religion, Berserk, Trog's Hand


You were on level 3 of the Dungeon.
You worshipped Trog.
Trog was pleased with you.
You visited 1 branch of the dungeon, and saw 3 of its levels.

You collected 178 gold pieces.

Inventory:

Hand Weapons
 a - a +0 mace (weapon)
Wands
 p - a wand of digging (3)
Scrolls
 b - a scroll of amnesia {unknown}
 c - 2 scrolls of vulnerability {unknown}
 d - 2 scrolls of fear {unknown}
 f - 3 scrolls of identify {unknown}
 j - a scroll of fog {unknown}
 k - a scroll of immolation {unknown}
 l - a scroll of silence {unknown}
 m - a scroll of acquirement {unknown}
Potions
 g - 2 potions of curing {unknown}
 h - a potion of cancellation {unknown}
 i - 2 potions of attraction {unknown}
 n - a potion of mutation {unknown}
 o - 2 potions of haste


   Skills:
 + Level 3.0 Fighting
 + Level 4.4 Maces & Flails
 + Level 2.7 Dodging
 + Level 0.7 Stealth
 - Level 2.0 Spellcasting
 - Level 3.0 Conjurations


You had 6 spell levels left.
You knew the following spells:

 Your Spells              Type           Power      Damage    Failure   Level
a - Kiss of Death         Conj/Necr      20%        2d7       14%         1

Your spell library contained the following spells:

 Spells                   Type           Power      Damage    Failure   Level
 Momentum Strike          Conj/Tloc      10%        3d8       21%         2
 Hailstorm                Conj/Ice       5%         3d4       38%         3


Dungeon Overview and Level Annotations

Branches:
Dungeon (3/15)

Altars:
Ru
Trog


Innate Abilities, Weirdness & Mutations

Your plain brown scales are hard. (AC +5)
You cannot fit into any form of body armour.
You are cold-blooded and may be slowed by cold attacks.


Message History

The orc hits you with a +0 dagger.
You are too injured to fight recklessly!
You are too injured to fight recklessly!
You hit the orc but do no damage.
The orc is heavily wounded.
The jackal misses you. The orc hits you with a +0 morningstar.
The orc hits you with a +0 dagger.
* * * LOW HITPOINT WARNING * * *
The jackal closely misses you. The orc hits you but does no damage.
The orc closely misses you.
You hit the orc.
You kill the orc!
Trog accepts your kill. The jackal closely misses you.
The orc hits you with a +0 dagger.
* * * LOW HITPOINT WARNING * * *
The jackal bites you but does no damage.
It was a potion of haste.
You feel yourself speed up. The jackal closely misses you. The orc misses you.
You closely miss the orc. You tail-slap the orc.
The orc is severely wounded.
The jackal bites you.
* * * LOW HITPOINT WARNING * * *
The orc hits you with a +0 dagger.
* * * LOW HITPOINT WARNING * * *
You closely miss the orc.
The orc is severely wounded.
The jackal bites you but does no damage.
You closely miss the orc.
The orc is severely wounded.
The jackal barely misses you. The orc hits you but does no damage.
You hit the orc but do no damage.
The orc is severely wounded.
The jackal bites you.
* * * LOW HITPOINT WARNING * * *
The orc hits you with a +0 dagger.
* * * LOW HITPOINT WARNING * * *
You barely miss the orc.
The orc is severely wounded.
The jackal bites you.
You die...

.... ##### ## ##... ..... .. ....
...# .# ... #..###.### ####..#
###... #......... #.....# .....
#.....# #.##.)oh.# #...# ###
##.....####.##..@..# #...# #..
.......+.......$...#.# #...# #.#
.#.#...###...........# #...# #.#
.#.#...#...<.........# #...###.#
.#.#...#.#####.###.#.####.......#
.#.####..........#.#........#####
##.# #....###...#.#..#####.## #.#
#....# ##..#.#. #......# #.#
##.#.####.†#.#..#......#


You could see an orc and a jackal.

Vanquished Creatures
  6 adders
  2 dart slugs (D:2)
  8 orcs (D:3)
  2 ball pythons
  5 endoplasms
  2 giant cockroaches (D:1)
  A goblin (D:1)
  6 hobgoblins
  4 jackals (D:3)
  4 kobolds
  2 quokkas (D:2)
  5 bats
  5 frilled lizards
  3 rats
55 creatures vanquished.

Notes
Turn   | Place    | Note
-------+----------+-------------------------------------------
     0 | D:1      | Babbit the Draconian Reaver began the quest for the Orb.
     0 | D:1      | Reached XP level 1. HP: 17/17 MP: 3/3
   416 | D:1      | Reached XP level 2. HP: 25/25 MP: 5/5
   445 | D:1      | Found a faded altar of an unknown god.
   458 | D:1      | Prayed at the altar of an unknown god.
   458 | D:1      | Became a worshipper of Trog the Wrathful
   458 | D:1      | Reached * piety under Trog
  1014 | D:2      | Reached XP level 3. HP: 22/30 MP: 6/6
  1220 | D:2      | Reached skill level 4 in Maces & Flails
  1671 | D:2      | Reached XP level 4. HP: 37/37 MP: 7/7
  1823 | D:3      | Found a sacrificial altar of Ru.
  1826 | D:3      | Reached ** piety under Trog
  2469 | D:3      | Slain by a jackal

Illustrated notes

Levels and vault maps discovered:
D:1:      psy_arrival_dodecagon, layout_loops_corners,
          ebering_ecumenical_altar_petrified, nicolae_titane
D:2:      layout_basic, kennysheep_cross_bottleneck
D:3:      layout_basic, bloody_makhleb, nicolae_ru_awakened_eye, fedhas_altar_1

Skill      XL: |  1  2  3  4 |
---------------+-------------+-----
Dodging        | 2 |  2.7
Maces & Flails | 4 |  4.4
Fighting       | 3 |  3.0
Stealth        | |  0.7
Spellcasting   | |  2.0
Conjurations   | |  3.0

Action                     |  1- 3 |  4- 6 || total
---------------------------+-------+-------++-------
  Melee: Mace              |   106 |   103 ||   209
         Tailslap          |    10 |     5 ||    15
         Punch             |     1 |     1 ||     2
    Use: Potion            |       |     3 ||     3
   Stab: Sleeping          |     1 |       ||     1
 Armour: Skin              |    30 |    43 ||    73
  Dodge: Dodged            |    74 |    84 ||   158
